 Dungeon Crawl Stone Soup version 0.30-b1-2-g02819fbbbe (webtiles) character file.

Game seed: 7102794429070805965

764 raph the Shooter (level 7, -13/60 HPs)
             Began as a Minotaur Hunter on Jan 14, 2024.
             Was a Believer of Okawaru.
             Mangled by a gnoll
             ... wielding a +2 heavy halberd
              (20 damage)
             ... on level 5 of the Dungeon.
             The game lasted 00:06:14 (4995 turns).

raph the Shooter (Minotaur Hunter)                  Turns: 4995, Time: 00:06:15

Health: -13/60     AC:  5    Str: 15    XL:     7   Next: 51%
Magic:  7/7        EV: 13    Int:  6    God:    Okawaru [**....]
Gold:   256        SH:  0    Dex: 16    Spells: 6/6 levels left

rFire   . . .        a - +0 shortbow (drain)
rCold   . . .        (shield currently unavailable)
rNeg    . . .        c - +1 leather armour
rPois   .            (helmet unavailable)
rElec   .            (no cloak)
rCorr   .            (no gloves)
SInv    .            (no boots)
Will    .....        (no amulet)
Stlth   ++           (no ring)
HPRegen 0.30/turn    (no ring)
MPRegen 0.10/turn

%: no passive effects
@: no status effects
A: horns 3, retaliatory headbutt, shaggy fur 1
a: Renounce Religion, Heroism


You were on level 5 of the Dungeon.
You worshipped Okawaru.
Okawaru was pleased with you.
You visited 1 branch of the dungeon, and saw 5 of its levels.

You collected 256 gold pieces.

Inventory:

Hand Weapons
 a - a +0 shortbow of draining (weapon)
 b - the +9 mace of Infection {flame, rC+}
   (You found it on level 3 of the Dungeon)

   rC:        It protects you from cold.
 g - a +1 dire flail of holy wrath
 p - a +0 hand axe
 r - a +0 war axe
Armour
 c - a +1 leather armour (worn)
 l - a +0 ring mail
Jewellery
 k - a ring of protection from fire
Wands
 d - a wand of iceblast (11)
 e - a wand of polymorph (5)
Scrolls
 f - a scroll of immolation
 o - a scroll of vulnerability
Potions
 h - 2 potions of might
 i - a potion of magic
 q - a potion of attraction
 s - a potion of flight
 u - a potion of heal wounds


   Skills:
 + Level 4.9 Fighting
 * Level 7.2 Ranged Weapons
 + Level 4.5 Dodging
 + Level 3.3 Stealth
 + Level 1.3 Invocations


You had 6 spell levels left.
You didn't know any spells.
Your spell library contained the following spells:

 Spells                   Type           Power      Damage    Failure   Level
 Foxfire                  Conj/Fire      0%         2x1d4     52%         1
 Shock                    Conj/Air       0%         1d3       52%         1
 Blink                    Tloc           0%         N/A       67%         2
 Lesser Beckoning         Tloc           0%         N/A       67%         2
 Momentum Strike          Conj/Tloc      0%         3d8       67%         2
 Fireball                 Conj/Fire      0%         3d3       100%        5
 Plasma Beam              Fire/Air       0%         2x1d11    100%        6
 Starburst                Conj/Fire      0%         6d3       100%        6


Dungeon Overview and Level Annotations

Branches:
Dungeon (5/15)             Temple (0/1) D:5

Altars:
Fedhas
Okawaru
Uskayaw

Portals:
Abyss: D:4

Annotations:
D:3 1 runed translucent door, yogakurto's ghost, weakling MiHu
D:4 2 transporters, bock's ghost, amateur MiFi


Innate Abilities, Weirdness & Mutations

You have a pair of large horns on your head.
You reflexively headbutt those who attack you in melee.
You are covered in fur. (AC +1)


Message History

The gnoll hits you from afar with a +0 spear.
* * * LOW HITPOINT WARNING * * *
Fire: a) +0 shortbow (drain)
Press: ? - help, Q - select action, (/) - cycle Shift-Dir - straight line, f/p - gnoll
Aim: a gnoll, wielding a +0 spear (69% to hit)
You shoot an arrow. The arrow hits the gnoll.
You drain the gnoll.
The gnoll is severely wounded.
The gnoll misses you. The gnoll barely misses you.
Fire: a) +0 shortbow (drain)
Press: ? - help, Q - select action, (/) - cycle Shift-Dir - straight line, f/p - gnoll
Aim: a gnoll, wielding a +0 spear (severely wounded, heavily drained, 69% to hit)
You shoot an arrow. The arrow hits the gnoll!
You kill the gnoll!
Okawaru accepts your kill.
Fire: a) +0 shortbow (drain)
Press: ? - help, Q - select action, (/) - cycle Shift-Dir - straight line, f - gnoll
Aim: a gnoll, wielding a +2 heavy halberd (almost dead, heavily drained, 69% to hit)
You shoot an arrow.
The arrow hits the gnoll but does no damage.
The gnoll is almost dead.
The gnoll misses you.
Fire: a) +0 shortbow (drain)
Press: ? - help, Q - select action, (/) - cycle Shift-Dir - straight line, f/p - gnoll
Aim: a gnoll, wielding a +2 heavy halberd (almost dead, heavily drained, 69% to hit)
You shoot an arrow. The arrow closely misses the gnoll.
The gnoll hits you from afar with a +2 heavy halberd!
* * * LOW HITPOINT WARNING * * *
Fire: a) +0 shortbow (drain)
Press: ? - help, Q - select action, (/) - cycle Shift-Dir - straight line, f/p - gnoll
Aim: a gnoll, wielding a +2 heavy halberd (almost dead, heavily drained, 69% to hit)
You shoot an arrow. The arrow closely misses the gnoll.
The gnoll closely misses you.
Fire: a) +0 shortbow (drain)
Press: ? - help, Q - select action, (/) - cycle Shift-Dir - straight line, f/p - gnoll
Aim: a gnoll, wielding a +2 heavy halberd (almost dead, heavily drained, 69% to hit)
You shoot an arrow.
The arrow hits the gnoll but does no damage.
The gnoll is almost dead.
The gnoll hits you from afar with a +2 heavy halberd!!
You die...

#.##............
#..'............
#.##.........###
#..##.......##
##.##..)...## #.#..#...##
#...###g## #.### #)# ##.#
#@###### #..# ##......#
#.## ##...###.######.#
#..###.....#.........#
...#+#.............########
#........#####.[###.#
#.##.....# #..# #.#
........# #..###.#
######### #......#


You could see a gnoll (very drained).

Vanquished Creatures
  Edmund (D:5)
  A water moccasin (D:5)
  A kobold brigand (D:4)
  A scorpion (D:5)
  2 jellies
  A hound (D:5)
  Jessica (D:2)
  Terence (D:3)
  An orc wizard (D:5)
  A sleepcap (D:5)
  Robin (D:2)
  10 gnolls
  3 adders
  A shadow imp (D:5)
  6 orcs
  5 bats
  5 endoplasms
  3 giant cockroaches
  12 goblins
  4 hobgoblins
  10 kobolds
  A quokka (D:1)
  3 ball pythons (D:1)
  5 frilled lizards
  7 rats
87 creatures vanquished.

Vanquished Creatures (others)
  8 plants (D:4)
8 creatures vanquished.

Grand Total: 95 creatures vanquished

Notes
Turn   | Place    | Note
-------+----------+-------------------------------------------
     0 | D:1      | raph the Minotaur Hunter began the quest for the Orb.
     0 | D:1      | Reached XP level 1. HP: 18/18 MP: 0/0
    54 | D:1      | Reached skill level 1 in Stealth
    88 | D:1      | Reached XP level 2. HP: 25/25 MP: 1/1
   622 | D:2      | Reached XP level 3. HP: 15/30 MP: 2/2
   834 | D:2      | Reached skill level 5 in Ranged Weapons
   868 | D:2      | Noticed Jessica
   868 | D:2      | Noticed Robin
   877 | D:2      | Killed Robin
   886 | D:2      | Gained mutation: You have a pair of large horns on your
                  | head. [potion of mutation]
   886 | D:2      | Gained mutation: You are covered in fur. (AC +1) [potion of
                  | mutation]
   892 | D:2      | Killed Jessica
   893 | D:2      | Reached XP level 4. HP: 4/38 MP: 3/3
   898 | D:2      | HP: 2/57 [goblin/+0 dagger[Robin] (3)]
  1445 | D:2      | Found a faded altar of an unknown god.
  1454 | D:2      | Got Plato's Spellbook of Haze
  1827 | D:3      | Found a runed translucent door.
  1830 | D:3      | Noticed yogakurto's ghost (weakling MiHu)
  2327 | D:3      | Noticed Terence
  2333 | D:3      | Killed Terence
  2343 | D:3      | Found a hide-covered altar of Uskayaw.
  2497 | D:3      | Reached XP level 5. HP: 45/45 MP: 4/4
  2609 | D:3      | Found a faded altar of an unknown god.
  2612 | D:3      | Found a blossoming altar of Fedhas.
  2616 | D:3      | Identified the +9 mace of Infection {flame, rC+}
  2746 | D:4      | Found an iron altar of Okawaru.
  2820 | D:4      | Became a worshipper of Warmaster Okawaru
  3297 | D:4      | Reached skill level 6 in Ranged Weapons
  3379 | D:4      | Found a one-way gate to the infinite horrors of the Abyss.
  3379 | D:4      | Noticed bock's ghost (amateur MiFi)
  3382 | D:4      | Found a transporter.
  3403 | D:4      | Found a transporter.
  3443 | D:4      | Reached XP level 6. HP: 52/52 MP: 5/5
  4153 | D:5      | Entered Level 5 of the Dungeon
  4161 | D:5      | Reached * piety under Okawaru
  4493 | D:5      | Found a staircase to the Ecumenical Temple.
  4562 | D:5      | Noticed Edmund
  4572 | D:5      | Killed Edmund
  4573 | D:5      | Reached XP level 7. HP: 28/60 MP: 6/6
  4618 | D:5      | Reached skill level 7 in Ranged Weapons
  4618 | D:5      | Reached skill level 1 in Invocations
  4740 | D:5      | Reached ** piety under Okawaru
  4995 | D:5      | Mangled by a gnoll

Illustrated notes

Levels and vault maps discovered:
D:1:      lightli_arrival_lavapool, layout_basic
D:2:      minmay_evil_eye, layout_loops_ring,
          shapermc_ecumenical_altar_rom_forum, uniq_jessica, uniq_robin
D:3:      layout_basic, nicolae_overflow_ecumenical_swirl,
          mainiacjoe_overflow_24_doors, ebering_ghost_sewer_d, uniq_terence
D:4:      layout_loops_corners, nicolae_overflow_crystal_walls,
          gammafunk_ghost_abyssal_escape, lexackson_kobold_supper
D:5:      layout_loops_corners, mainiacjoe_overflow_surrounded_room,
          minmay_temple_entry_grid, uniq_edmund, uniq_eustachio,
          uniq_blork_the_orc

Skill      XL: |  1  2  3  4  5  6  7 |
---------------+----------------------+-----
Stealth        | 1 2 3 |  3.3
Fighting       | 3 4 |  4.9
Ranged Weapons | 5 6 7 |  7.2
Dodging        | 3 4 |  4.5
Invocations    | 1 |  1.3

Action                     |  1- 3 |  4- 6 |  7- 9 || total
---------------------------+-------+-------+-------++-------
  Melee: Hand axe          |     7 |    15 |       ||    22
         Headbutt          |       |     1 |       ||     1
         Punch             |       |     1 |       ||     1
         Mace              |       |     6 |       ||     6
   Fire: Shortbow          |    69 |   110 |    34 ||   213
    Use: Potion            |     4 |     1 |       ||     5
         Scroll            |       |    10 |       ||    10
   Stab: Sleeping          |       |     1 |       ||     1
 Armour: Leather armour    |     3 |    12 |     1 ||    16
         Skin              |     2 |     6 |       ||     8
  Dodge: Dodged            |    14 |    38 |    14 ||    66
